 Dungeon Crawl Stone Soup version 0.29-a0-96-g93358da72b (webtiles) character file.

Game seed: 8905254029330516279

79 drugrobin the Poker (level 3, -1/29 HPs)
             Began as a Demigod Warper on Feb 11, 2022.
             Hit by a boomerang thrown by an orc (3 damage)
             ... on level 3 of the Dungeon.
             The game lasted 00:04:01 (2589 turns).

drugrobin the Poker (Demigod Warper)                Turns: 2589, Time: 00:04:02

Health: -1/29      AC:  4    Str: 16    XL:     3   Next: 97%
Magic:  15/17      EV: 11    Int: 15    God:
Gold:   96         SH:  0    Dex: 13    Spells: 3/5 levels left

rFire   . . .      SeeInvis +   a - +0 spear
rCold   . . .      Faith    .   (no shield)
rNeg    . . .      Spirit   .   b - +0 leather armour
rPois   .          Reflect  .   (no helmet)
rElec   .          Harm     .   e - +0 cloak
rCorr   .          Rampage  .   (no gloves)
Will    .....                   (no boots)
Stlth   +.........              (no amulet)
HPRegen 0.09/turn               o - ring of see invisible
MPRegen 0.15/turn               g - ring of magical power

@: on blink cooldown
A: high MP 1, forlorn, divine attributes
a: no special abilities


You were on level 3 of the Dungeon.
You visited 1 branch of the dungeon, and saw 3 of its levels.

You collected 96 gold pieces.

Inventory:

Hand Weapons
 a - a +0 spear (weapon)
Missiles
 d - 5 boomerangs of dispersal (quivered)
 j - 38 stones
 n - 16 arrows
 q - 4 poisoned darts
Armour
 b - a +0 leather armour (worn)
 e - a +0 cloak (worn)
Magical Staves
 h - a staff of fire
Jewellery
 g - a ring of magical power (right hand)
 o - a ring of see invisible (left hand)
 p - a ring of fire
Scrolls
 c - 3 scrolls of blinking
 i - 2 scrolls of identify {unknown}
 l - a scroll of brand weapon {unknown}
 m - a scroll of teleportation {unknown}
Potions
 f - a potion of brilliance {unknown}
 k - a potion of ambrosia {unknown}
 r - a potion of mutation {unknown}


   Skills:
 - Level 1.7 Fighting
 + Level 4.1 Polearms
 - Level 0.8 Throwing
 - Level 0.8 Armour
 - Level 1.7 Dodging
 - Level 1.7 Spellcasting
 - Level 2.6 Translocations


You had 3 spell levels left.
You knew the following spells:

 Your Spells              Type           Power      Damage    Failure   Level
a - Blink                 Tloc           18%        N/A       14%         2

Your spell library contained the following spells:

 Spells                   Type           Power      Damage    Failure   Level
 Gell's Gravitas          Tloc           9%         N/A       28%         3
 Lesser Beckoning         Tloc           9%         N/A       28%         3
 Teleport Other           Tloc           9%         N/A       28%         3
 Manifold Assault         Tloc           9%         N/A       95%         5


Dungeon Overview and Level Annotations

Branches:
Dungeon (3/15)

Annotations:
D:3 1 transporter


Innate Abilities, Weirdness & Mutations

You have an increased reservoir of magic. (+10% MP)
You shall have no god before yourself.
Your divine heritage dramatically boosts your attributes as you level up.


Message History

You kill the frilled lizard!
j - 38 stones (gained 11)
Found an escape hatch in the ceiling.
There is a stone staircase leading down here.
A hobgoblin comes into view.
A hobgoblin is nearby!
Reach: a) +0 spear
Press: ? - help, Dir - move target, f - hobgoblin
Aim: a hobgoblin (about 38% to evade your +0 spear)
You reach to attack!
You hit the hobgoblin.
The hobgoblin is severely wounded.
You hit the hobgoblin.
You kill the hobgoblin!
Found an escape hatch in the floor.
An orc comes into view. It is wielding a +0 flail.
The orc shouts!
The orc throws a boomerang.
The boomerang hits you.
An orc is nearby!
You hit the orc but do no damage. The orc hits you with a +0 flail.
You hit the orc but do no damage. The orc hits you with a +0 flail!
You hit the orc but do no damage. The orc barely misses you.
You closely miss the orc. The orc closely misses you.
You barely miss the orc. The orc hits you but does no damage.
You hit the orc but do no damage. Your punch misses the orc.
The orc hits you but does no damage.
You barely miss the orc. The orc hits you with a +0 flail.
You hit the orc but do no damage. The orc closely misses you.
You hit the orc but do no damage. You hit the orc but do no damage.
The orc hits you with a +0 flail.
You hit the orc but do no damage. The orc hits you with a +0 flail.
* * * LOW HITPOINT WARNING * * *
You hit the orc but do no damage. The orc hits you with a +0 flail.
* * * LOW HITPOINT WARNING * * *
Okay, then.
Casting: Blink (safe; 14% risk of failure)
Confirm with . or Enter, or press ? or * to list all spells.
You blink.
There is an escape hatch in the ceiling here.
The orc throws a boomerang.
The boomerang hits you.
You die...

#.#...# ######.###.....# ..
#......#.......###### #.#####
#......#........ยง...### #......
#......#.......###....####..##..
#......#.##...o###..#.>.........
................................
####.......#.#......##.#####.#...
.........>......@................
...........#.#...................
...........#.#..###..............
..............#+# ....########..
...........#..+ .... #..
........#+##### ... ##. ........#
... #< .....#.## #####. .....#.#
....# #.....


You could see an orc.

Vanquished Creatures
  3 adders
  An adder zombie (D:2)
  A dart slug (D:2)
  6 ball pythons
  A bat skeleton (D:2)
  6 endoplasms
  A giant cockroach (D:1)
  4 goblins
  2 hobgoblins
  2 quokkas
  2 ball python skeletons (D:2)
  5 bats
  4 frilled lizards
  A jackal skeleton (D:2)
  A jackal zombie (D:2)
  2 kobolds
  A quokka skeleton (D:2)
  5 rats
48 creatures vanquished.

Notes
Turn   | Place    | Note
-------+----------+-------------------------------------------
     0 | D:1      | drugrobin the Demigod Warper began the quest for the Orb.
     0 | D:1      | Reached XP level 1. HP: 17/17 MP: 5/5
   107 | D:1      | Reached skill level 2 in Polearms
   491 | D:1      | Reached XP level 2. HP: 24/24 MP: 7/7
  1019 | D:2      | Reached skill level 3 in Polearms
  1200 | D:2      | Reached XP level 3. HP: 29/29 MP: 8/8
  1356 | D:2      | Learned a level 2 spell: Blink
  2101 | D:3      | Found a transporter.
  2104 | D:3      | Noticed a kobold demonologist
  2210 | D:3      | Reached skill level 4 in Polearms
  2584 | D:3      | HP: 1/29 [orc (6)]
  2589 | D:3      | Hit by a boomerang thrown by an orc

Illustrated notes

Levels and vault maps discovered:
D:1:      dpeg_arrival_erosion, layout_basic, ebering_ecumenical_altar_box
D:2:      layout_loops_ring, serial_undead, serial_undead_b, serial_undead_e,
          serial_undead_d, serial_undead_d, basic_altar
D:3:      gammafunk_wand_slinger, layout_basic, serial_shops,
          nicolae_shop_behind_doors, uniq_robin

Skill      XL: |  1  2  3 |
---------------+----------+-----
Polearms       | 2 3 4 |  4.1
Fighting       | |  1.7
Throwing       | |  0.8
Armour         | |  0.8
Dodging        | |  1.7
Spellcasting   | |  1.7
Translocations | |  2.6

Action                   || total
-------------------------++-------
Melee: Spear             ||   206
       Punch             ||     2
       Staff             ||    13
Throw: Dart              ||     4
 Cast: Blink             ||     1
 Stab: Sleeping          ||     1
Armor: Leather armour    ||    62
Dodge: Dodged            ||   102

Table legend: (Time is in decaauts)
 A = Elapsed time spent in this place.
 B = Non-inter-level travel time spent in this place.
 C = Inter-level travel time spent in this place.
 D = Time resting spent in this place.
 E = Time spent auto-exploring this place.
 F = Levels seen in this place.
 G = Mean time per level.
                   A        B        C        D        E       F      G
               +--------+--------+--------+--------+--------+-----+--------+
         Total |   2575 |   2545 |     30 |    522 |   1521 |   3 |  858.3 |
       Dungeon |   2575 |   2545 |     30 |    522 |   1521 |   3 |  858.3 |
               +--------+--------+--------+--------+--------+-----+--------+

Top non-repeatable levels by time:
     D:2: 1067 daAuts
     D:1: 1013 daAuts
     D:3: 494 daAuts
